 Dungeon Sprint DCSS version 0.32-a0-433-g08bcfe7efd (webtiles) character file.

Game seed: 7597076292701480794

1100000 fingers the Ninja (level 10, -29/57 HPs)
             Began as a Spriggan Brigand on Feb 22, 2024.
             Annihilated by a meat berserker
             ... wielding a +9 battleaxe
              (86 damage)
             ... in the Dungeon (Sprint VIII: "Arena of Blood").
             The game lasted 00:00:20 (11 turns).

fingers the Ninja (Spriggan Brigand)                  Turns: 11, Time: 00:00:20

Health: -29/57     AC:  3    Str:  7    XL:     10   Next: 77%
Magic:  11/11      EV: 20    Int: 13    God:
Gold:   0          SH:  0    Dex: 21    Spells: 9/9 levels left

rFire   . . .        l - +∞ Axe of Woe
rCold   . . .        (shield currently unavailable)
rNeg    . . .        b - +0 robe
rPois   .            (helmet restricted)
rElec   .            c - +0 cloak
rCorr   .            (gloves unavailable)
SInv    +            (boots unavailable)
Will    +....        (no amulet)
Stlth   ++++++++++   (no ring)
HPRegen 0.29/turn    (no ring)
MPRegen 0.12/turn

%: no teleportation
@: very quick
A: very small, no large weapons, unfitting armour, see invisible, speed 3
a: no special abilities


You were in the Dungeon.
You visited 1 branch

Inventory:

Hand Weapons
 a - a +2 dagger
 l - the +∞ Axe of Woe (weapon)
   (You found it in the Dungeon)
Missiles
 d - 9 poisoned darts (quivered)
 e - 3 curare-tipped darts
Armour
 b - a +0 robe (worn)
 c - a +0 cloak (worn)
Scrolls
 k - a scroll of blinking
Potions
 f - a potion of curing
 g - a potion of heal wounds
 h - a potion of haste
 i - 2 potions of magic
 j - a potion of berserk rage


   Skills:
 + Level 8.7 Fighting
 + Level 11.4 Short Blades
 + Level 4.9 Axes
 + Level 10.2 Throwing
 + Level 5.1 Dodging
 O Level 27 Stealth


You had 9 spell levels left.
You didn't know any spells.
Your spell library was empty.

Dungeon Overview and Level Annotations

Branches:
Dungeon (1/1)

Altars:
Makhleb


Innate Abilities, Weirdness & Mutations

You are very small and have problems with some larger weapons.
You are too small for most types of armour.
You have supernaturally acute eyesight. (SInv)
You cover ground extremely quickly. (Speed+++)


Message History

A meat berserker comes into view. It is wielding a +9 battleaxe.
The bag of meat shouts!
The meat berserker shouts!
A bag of meat comes into view. It is wielding a +9 war axe. x2
The bag of meat shouts! x2
You hit the bag of meat. You chop the bag of meat into pieces.
You kill the bag of meat!
A bag of meat comes into view. It is wielding a +9 war axe. x2
Your Fighting skill gained 7 levels and is now at level 8!
Your Short Blades skill gained 9 levels and is now at level 11!
Your Axes skill gained 4 levels and is now at level 4!
Your Throwing skill gained 8 levels and is now at level 10!
Your Dodging skill gained 4 levels and is now at level 5!
You have mastered Stealth!
You have reached level 2!
You have reached level 3!
Your experience leads to an increase in your attributes!
Increase (S)trength, (I)ntelligence, or (D)exterity?
You feel agile. x2
You have reached level 4!
You have reached level 5!
You feel clever.
You have reached level 6!
You have reached level 7!
You have reached level 8!
You have reached level 9!
Your experience leads to an increase in your attributes!
Increase (S)trength, (I)ntelligence, or (D)exterity?
You feel agile. x2
You have reached level 10!
You feel agile.
Unknown command.
A meat berserker comes into view. It is wielding a +9 battleaxe.
Things that are here:
a +9 war axe; a +30 ring of slaying; a bag of meat corpse You hit the bag of meat.
You fatally mangle the bag of meat.
You kill the bag of meat!
The meat berserker hits you with a +9 battleaxe!!!!
Ouch! That really hurt!
You die...

.... .......... ....
........... .....
......... .....
#.......# ..#...
#.......#
......###.o.....###.
...........###......
#O.)@...._.......
#.o...O.#.....#...
.........#_.<._#
.#.......#....o#
...#...o...._.....
...........###o.....
......###... ..###.
..... #... ..# #..
..#


You could see 2 meat berserkers and 4 bags of meat.

Vanquished Creatures
  2 orcs (D)
2 creatures vanquished.

Notes
Turn   | Place    | Note
-------+----------+-------------------------------------------
     0 | D        | Found the +∞ Axe of Woe
     0 | D        | fingers the Spriggan Brigand began the quest for the Orb.
     0 | D        | Reached XP level 1. HP: 10/10 MP: 2/2
     6 | D        | Noticed a bag of meat
     6 | D        | Noticed a bag of meat
     7 | D        | Noticed a meat berserker
     8 | D        | Noticed a bag of meat
     8 | D        | Noticed a bag of meat
     9 | D        | Killed a bag of meat
     9 | D        | Noticed a bag of meat
     9 | D        | Noticed a bag of meat
    10 | D        | Reached skill level 10 in Throwing
    10 | D        | Reached skill level 5 in Dodging
    10 | D        | Reached skill level 27 in Stealth
    10 | D        | Reached XP level 2. HP: 23/23 MP: 3/3
    10 | D        | Reached XP level 3. HP: 26/26 MP: 4/4
    10 | D        | Reached XP level 4. HP: 31/31 MP: 5/5
    10 | D        | Reached XP level 5. HP: 35/35 MP: 6/6
    10 | D        | Reached XP level 6. HP: 39/39 MP: 7/7
    10 | D        | Reached XP level 7. HP: 44/44 MP: 8/8
    10 | D        | Reached XP level 8. HP: 48/48 MP: 9/9
    10 | D        | Reached XP level 9. HP: 52/52 MP: 10/10
    10 | D        | Reached XP level 10. HP: 57/57 MP: 11/11
    10 | D        | Noticed a meat berserker
    11 | D        | Killed a bag of meat
    11 | D        | Annihilated by a meat berserker

Illustrated notes

Levels and vault maps discovered:
D:        meatsprint

Skill      XL: |  1 |
---------------+----+-----
Fighting       | 8 |  8.7
Short Blades   | 11 | 11.4
Axes           | 4 |  4.9
Throwing       | 10 | 10.2
Dodging        | 5 |  5.1
Stealth        | 27 | 27.0

Action                     |  1- 3 |  4- 6 |  7- 9 | 10-12 || total
---------------------------+-------+-------+-------+-------++-------
  Melee: Broad axe         |     1 |       |       |     1 ||     2
 Armour: Robe              |       |       |       |     1 ||     1

Table legend: (Time is in decaauts)
 A = Elapsed time spent in this place.
 B = Non-inter-level travel time spent in this place.
 C = Inter-level travel time spent in this place.
 D = Time resting spent in this place.
 E = Time spent auto-exploring this place.
 F = Levels seen in this place.
 G = Mean time per level.
                   A        B        C        D        E       F      G
               +--------+--------+--------+--------+--------+-----+--------+
         Total |      8 |      8 |      0 |      0 |      0 |   1 |    8.0 |
       Dungeon |      8 |      8 |      0 |      0 |      0 |   1 |    8.0 |
               +--------+--------+--------+--------+--------+-----+--------+

Top non-repeatable levels by time:
       D: 8 daAuts
